 Dungeon Crawl Stone Soup version 0.21.1-1-g345015fe64 (webtiles) character file.

55847 Evaline the Markscentaur (level 14, -8/122 HPs)
             Began as a Centaur Hunter on July 5, 2018.
             Was the Champion of Okawaru.
             Mangled by a blink frog (10 damage)
             ... on level 2 of the Lair of Beasts.
             The game lasted 03:59:08 (32667 turns).

Evaline the Markscentaur (Centaur Hunter)          Turns: 32667, Time: 03:59:09

Health: -8/122     AC: 25    Str: 18    XL:     14   Next: 39%
Magic:  18/20      EV:  7    Int: 10    God:    Okawaru [******]
Gold:   1169       SH:  0    Dex: 15    Spells: 13/13 levels left

rFire    . . .     SeeInvis .   b - +0 longbow
rCold    . . .     Gourm    .   (shield currently unavailable)
rNeg     . . .     Faith    .   T - +0 plate armour
rPois    +         Spirit   .   A - +2 hat {MR+}
rElec    .         Reflect  .   t - +0 cloak {rPois}
rCorr    .         Harm     .   h - +2 pair of gloves {Dex+3}
MR       +++..                  (no barding)
Stlth    ..........             V - amulet of rage
HPRegen  0.30/turn              P - +4 ring of protection
MPRegen  0.17/turn              Q - ring of protection from magic

@: heroism, very quick
A: large, hooves 3, deformed body, speed 2, tough skin 3
a: Heroism, Finesse, Renounce Religion, Evoke Berserk Rage


You were on level 2 of the Lair of Beasts.
You worshipped Okawaru.
Okawaru was exalted by your worship.
You were not hungry.

You visited 3 branches of the dungeon, and saw 18 of its levels.
You also visited: Labyrinth.

You collected 1169 gold pieces.

Inventory:

Hand Weapons
 a - a +1 great sword of holy wrath
 b - a +0 longbow (weapon)
 e - a +1 battleaxe of flaming
 k - a +4 halberd
 q - a +2 morningstar of venom
 r - a +2 shortbow of flaming
 z - the +9 short sword of the Dove {freeze, rC+ rN+ MR+ Int-4}
   (You found it on level 11 of the Dungeon)

   It has been specially enchanted to freeze those struck by it, causing extra
   injury to most foes and up to half again as much damage against particularly
   susceptible opponents.
   It can also slow down cold-blooded creatures.
   It affects your intelligence (-4).
   It protects you from cold.
   It protects you from negative energy.
   It affects your resistance to hostile enchantments.
Missiles
 d - 417 arrows (quivered)
 F - 4 tomahawks of dispersal
Armour
 h - a +2 pair of gloves of dexterity (worn)
 t - a +0 cloak of poison resistance (worn)
 A - a +2 hat of magic resistance (worn)
 D - the +1 cloak "Hero's Friend" {rF+ rC+ rCorr Str+3}
   (You found it on level 1 of the Lair of Beasts)

   It affects your strength (+3).
   It protects you from fire.
   It protects you from cold.
   It protects you from acid and corrosion.
 T - a +0 plate armour (worn)
Jewellery
 s - an uncursed ring of protection from fire
 L - an uncursed ring of protection from fire
 O - an uncursed ring of ice
 P - a +4 ring of protection (left hand)
 Q - a ring of protection from magic (right hand)
 V - an amulet of rage (around neck)
 W - an uncursed ring of see invisible
Wands
 g - a wand of paralysis (18)
 B - a wand of enslavement (13)
 I - a wand of acid (10)
 J - a wand of digging (41)
 S - a wand of clouds (4)
 U - a wand of polymorph (14)
Scrolls
 m - 4 scrolls of teleportation
 n - 9 scrolls of enchant weapon
 u - 8 scrolls of remove curse
 w - a scroll of enchant armour {unknown}
 x - 2 scrolls of magic mapping
 y - 3 scrolls of blinking
 E - 2 scrolls of brand weapon {unknown}
 K - a scroll of acquirement {unknown}
 M - 4 scrolls of vulnerability {unknown}
 N - a scroll of noise {unknown}
 R - a scroll of holy word {unknown}
 X - a scroll of fear {unknown}
Potions
 c - 2 potions of flight {unknown}
 i - a potion of mutation
 j - 8 potions of curing
 l - a potion of haste
 o - 6 potions of lignification
 p - a potion of heal wounds
 v - 3 potions of agility
 C - 2 potions of invisibility
 G - a potion of berserk rage
 Y - a potion of ambrosia
 Z - a potion of cancellation
Comestibles
 f - 25 rations
 H - 17 chunks of flesh


   Skills:
 + Level 10.9(15.9) Fighting
 + Level 12.0(17.0) Long Blades
 - Level 1.0(7.5) Axes
 + Level 0.8(6.1) Maces & Flails
 + Level 3.4(8.5) Polearms
 + Level 16.1(21.1) Bows
 + Level 9.4(14.4) Armour
 - Level 1.3(6.3) Dodging
 - Level 0.4(5.4) Stealth
 - Level 8.0 Invocations


You had 13 spell levels left.
You didn't know any spells.

Dungeon Overview and Level Annotations

Branches:
Dungeon (15/15)            Temple (1/1) D:5            Lair (2/6) D:11
    Orc (0/2) D:9          Vaults (0/5) D:13         Depths (0/5) D:15
  Swamp: Lair:2-4    Shoals: Lair:2-4     Snake: Lair:2-4    Spider: Lair:2-4

Altars:
Ashenzari
Cheibriados
Dithmenos
Elyvilon
Fedhas
Gozag
Hepliaklqana
Kikubaaqudgha
Makhleb
Nemelex Xobeh
Okawaru
Qazlal
Ru
Sif Muna
Trog
Uskayaw
Vehumet
Wu Jian
Xom
Yredelemnul
Zin
The Shining One
Beogh

Shops:
D:6 :   D:14 *


Innate Abilities, Weirdness & Mutations

You have hooves in place of feet.
Armour fits poorly on your strangely shaped body.
You cover ground very quickly.
You have extremely tough skin. (AC +3)


Message History

The blink frog blinks!
Firing (i - inventory. (,) - cycle):
d - 420 arrows (quivered)
Press: ? - help, Shift-Dir - straight line, f/p - blink frog
Aim: a blink frog (heavily wounded)
You shoot an arrow. The arrow barely misses the blink frog.
Firing (i - inventory. (,) - cycle):
d - 419 arrows (quivered)
Press: ? - help, Shift-Dir - straight line, f/p - blink frog
Aim: a blink frog (heavily wounded)
You shoot an arrow. The arrow hits the blink frog.
The blink frog is severely wounded.
You gain the combat prowess of a mighty hero.
The blink frog hits you.
* * * LOW HITPOINT WARNING * * *
Firing (i - inventory. (,) - cycle):
d - 418 arrows (quivered)
Press: ? - help, Shift-Dir - straight line, f/p - blink frog
Aim: a blink frog (severely wounded)
You shoot an arrow. The arrow hits the blink frog.
The blink frog is severely wounded.
The blink frog hits you!
You die...

.#...#####.......## ##.....##
....######.......# #......##.
.....##P...###..## ##........
......#...#.##...## #........
..........#####...# ##......P#
....##...((##.#...####...###...
..#####...........P##...## ..#
...(##....#........##..## ..
.......F.##(...(@...#F.#
.........#####..F......#
........######..(.....##
..#.P.(.(ยง.........<...##
##.....P.P...P.......##.##
###.#####P.##......####.## #.#
##.##.....P# ##.# ###
#.##..(...# ##.# ######.##.#
#..#


You could see a blink frog.

Vanquished Creatures
  Gastronok (D:10)
  The ghost of Htamos the Warrior, a journeyman MiGl of Makhleb (D:13)
  Snorg (D:13)
  A minotaur (Lab)
  A rakshasa (D:15)
  The ghost of dengdeng the Cruncher, a journeyman MiBe of Trog (D:12)
  Harold (D:10)
  2 hydras
  7 two-headed ogres
  3 centaur warriors
  An ogre mage (D:13)
  An orc high priest (D:12)
  A glowing orange brain (D:15)
  3 unseen horrors
  2 wolf spider zombies
  An orc knight (D:15)
  Pikel (D:5)
  The ghost of Htamos the Cleaver, a novice DgGl (D:7)
  3 manticores
  5 cyclopes
  A faun (shapeshifter) (D:14)
  5 ugly things
  2 black mambas
  Maurice (D:10)
  A spiny frog (Lair:1)
  5 centaur skeletons
  A gargoyle (D:11)
  An efreet (D:15)
  A yaktaur (shapeshifter) (D:15)
  A komodo dragon (Lair:2)
  2 tengu conjurers (D:14)
  7 trolls
  3 meliai (D:14)
  The ghost of Dickchan the Thaumaturge, an amateur GnWn (D:4)
  Grinder (D:3)
  8 hippogriffs
  17 slime creatures
  A dream sheep (shapeshifter) (D:15)
  4 blink frogs (Lair:2)
  A water elemental (D:11)
  A wraith (D:14)
  A spriggan (D:7)
  33 yaks
  2 wyverns
  2 shadows (D:12)
  2 basilisks
  Grum (D:9)
  3 vampire mosquitoes (D:14)
  3 hungry ghosts
  A warg (D:15)
  Menkaure (D:5)
  A soldier ant (shapeshifter) (D:15)
  2 two-headed ogre zombies (D:9)
  The ghost of Kohma the Conjurer, an amateur OpCj (D:3)
  An acid dragon (D:14)
  4 water moccasins
  5 porcupines
  Duvessa (D:4)
  10 orc warriors
  2 ice beasts
  2 sky beasts
  An eye of draining (D:11)
  A black bear (D:7)
  A boggart (shapeshifter) (D:14)
  6 ogres
  2 phantoms
  13 wolves
  A tengu (shapeshifter) (D:15)
  14 centaurs
  4 crocodiles
  A big kobold (shapeshifter) (D:15)
  3 big kobolds
  14 bullfrogs
  6 scorpions
  Dowan (D:4)
  4 killer bees
  7 wights
  2 electric eels (D:11)
  A howler monkey (D:4)
  A bullfrog zombie (D:12)
  3 centaur zombies
  A quasit (D:9)
  10 hounds
  7 orc priests
  2 jellies
  20 orc wizards
  5 bullfrog skeletons
  2 iguanas (D:4)
  Ijyb (D:3)
  12 worker ants
  6 ogre zombies (D:9)
  2 hound zombies
  4 hound skeletons
  2 worker ant zombies
  8 gnolls
  13 adders
  A shadow imp (D:14)
  An adder skeleton (D:4)
  6 worms
  6 leopard geckos
  72 orcs
  2 ball pythons
  7 bats
  3 giant cockroaches
  15 goblins
  17 hobgoblins
  12 jackals
  6 quokkas
  6 frilled lizards
  2 goblin zombies (D:9)
  A hobgoblin skeleton (D:9)
  3 hobgoblin zombies (D:9)
  2 jackal skeletons (D:4)
  22 kobolds
  3 orc skeletons (D:9)
  16 orc zombies (D:9)
  A quokka zombie (D:8)
  6 rats
572 creatures vanquished.

Vanquished Creatures (others)
  A shadow imp (D:11)
  A plant (Lair:1)
2 creatures vanquished.

Grand Total: 574 creatures vanquished

Notes
Turn   | Place    | Note
-------+----------+-------------------------------------------
     0 | D:1      | Evaline the Centaur Hunter began the quest for the Orb.
     0 | D:1      | Reached XP level 1. HP: 17/17 MP: 1/1
   192 | D:1      | Reached XP level 2. HP: 19/24 MP: 2/2
   272 | D:1      | Reached skill level 6 in Bows
   779 | D:2      | Reached XP level 3. HP: 26/29 MP: 3/3
   884 | D:2      | Found a stormy altar of Qazlal.
   888 | D:2      | Reached skill level 1 in Armour
  1362 | D:2      | Reached XP level 4. HP: 26/37 MP: 4/4
  1494 | D:2      | Found a sacrificial altar of Ru.
  1709 | D:2      | Reached skill level 1 in Polearms
  1842 | D:3      | Noticed Grinder
  1894 | D:3      | Noticed Kohma's ghost (amateur OpCj)
  2171 | D:3      | Reached XP level 5. HP: 36/42 MP: 5/5
  2844 | D:3      | Noticed Ijyb
  2894 | D:3      | Killed Ijyb
  3059 | D:3      | Reached skill level 7 in Bows
  3253 | D:4      | Noticed Dickchan's ghost (amateur GnWn)
  3305 | D:4      | Reached XP level 6. HP: 30/51 MP: 6/6
  3698 | D:3      | Paralysed by Grinder for 6 turns
  3707 | D:3      | Killed Grinder
  3830 | D:3      | Killed Kohma's ghost
  3830 | D:3      | Reached skill level 8 in Bows
  3830 | D:3      | Reached XP level 7. HP: 46/57 MP: 7/7
  4239 | D:4      | Noticed Duvessa
  4239 | D:4      | Noticed Dowan
  4535 | D:4      | Found an opulent altar of Gozag.
  5078 | D:4      | Killed Dickchan's ghost
  5078 | D:4      | Reached XP level 8. HP: 35/66 MP: 8/8
  5585 | D:4      | Killed Dowan
  5641 | D:4      | Killed Duvessa
  5685 | D:5      | Entered Level 5 of the Dungeon
  5728 | D:5      | Found a staircase to the Ecumenical Temple.
  5743 | Temple   | Entered the Ecumenical Temple
  5772 | Temple   | Became a worshipper of Warmaster Okawaru
  6001 | D:5      | Reached skill level 1 in Long Blades
  6117 | D:5      | Found a shattered altar of Ashenzari.
  6160 | D:5      | Noticed Menkaure
  6163 | D:5      | Killed Menkaure
  6189 | D:5      | Noticed Pikel
  6302 | D:5      | Killed Pikel
  6302 | D:5      | Reached * piety under Okawaru
  6302 | D:5      | Reached skill level 9 in Bows
  6302 | D:5      | Reached skill level 5 in Armour
  6726 | D:6      | Reached skill level 5 in Fighting
  6726 | D:6      | Reached XP level 9. HP: 58/74 MP: 9/9
  7267 | D:6      | Found Kefocaum's Book Boutique.
  7372 | D:6      | Found a snail-covered altar of Cheibriados.
  7390 | D:6      | Found a hide-covered altar of Uskayaw.
  7391 | D:6      | Found a bloodstained altar of Trog.
  7827 | D:7      | Reached skill level 10 in Bows
  7999 | D:7      | Noticed Htamos's ghost (novice DgGl)
  8330 | D:7      | Killed Htamos's ghost
  8330 | D:7      | Reached ** piety under Okawaru
  8330 | D:7      | Reached skill level 1 in Invocations
  8754 | D:7      | Reached skill level 5 in Long Blades
  8921 | D:6      | Found an ancient bone altar of Kikubaaqudgha.
  8921 | D:6      | Found a sparkling altar of Nemelex Xobeh.
  9229 | D:8      | Found an ornate altar of the Wu Jian Council.
  9233 | D:8      | Found a glowing silver altar of Zin.
  9236 | D:8      | Found a basalt altar of Yredelemnul.
  9305 | D:8      | Reached *** piety under Okawaru
  9811 | D:9      | Noticed a two-headed ogre
  9811 | D:9      | Reached XP level 10. HP: 82/83 MP: 11/11
  9834 | D:9      | Found a staircase to the Orcish Mines.
 10595 | D:9      | Noticed Grum
 10770 | D:8      | Reached skill level 11 in Bows
 11321 | D:9      | Killed Grum
 11321 | D:9      | Received a gift from Okawaru
 11403 | D:9      | Killed a two-headed ogre
 11403 | D:9      | Reached **** piety under Okawaru
 11403 | D:9      | Received a gift from Okawaru
 12011 | D:9      | Found a shadowy altar of Dithmenos.
 12031 | D:9      | Reached skill level 1 in Axes
 12339 | D:10     | Entered Level 10 of the Dungeon
 12485 | D:10     | Noticed a two-headed ogre
 12543 | D:10     | Killed a two-headed ogre
 12543 | D:10     | Received a gift from Okawaru
 12543 | D:10     | Reached XP level 11. HP: 92/92 MP: 12/12
 12692 | D:10     | Noticed Gastronok
 12731 | D:10     | Received a gift from Okawaru
 12796 | D:10     | Killed Gastronok
 12796 | D:10     | Reached ***** piety under Okawaru
 12796 | D:10     | Received a gift from Okawaru
 12796 | D:10     | Reached skill level 12 in Bows
 12797 | D:10     | Got a brightly glowing dagger {god gift}
 12827 | D:10     | Identified the +7 dagger of Midwinter {freeze, +Rage rC+ Dex+4} (Okawaru gifted it to you on level 10 of the Dungeon)
 12892 | D:10     | Found a blossoming altar of Fedhas.
 13331 | D:10     | Noticed Harold
 13387 | D:10     | Killed Harold
 13722 | D:10     | Noticed Maurice
 14057 | D:10     | Killed an unseen horror
 14084 | D:11     | Noticed a two-headed ogre
 14317 | D:10     | Reached skill level 13 in Bows
 15385 | D:10     | Found a blossoming altar of Fedhas.
 15605 | D:11     | Noticed a two-headed ogre
 15800 | D:10     | Killed Maurice
 16560 | D:10     | Received a gift from Okawaru
 16561 | D:10     | Got a twisted robe {god gift}
 16572 | D:10     | Identified the +0 robe of the Pit {Str+4} (Okawaru gifted it to you on level 10 of the Dungeon)
 16639 | D:10     | Killed a two-headed ogre
 17139 | D:10     | Killed a two-headed ogre
 17338 | D:11     | Reached XP level 12. HP: 49/103 MP: 14/14
 18028 | D:11     | Found a staircase to the Lair.
 18914 | D:11     | Got a slimy short sword
 18951 | D:12     | Noticed a four-headed hydra
 19165 | D:12     | Reached skill level 5 in Invocations
 19349 | D:11     | Received a gift from Okawaru
 19655 | D:12     | Noticed a two-headed ogre
 19847 | D:12     | Reached skill level 10 in Long Blades
 19870 | D:12     | Noticed dengdeng's ghost (journeyman MiBe)
 20191 | D:12     | Killed dengdeng's ghost
 20249 | D:12     | Killed a two-headed ogre
 20314 | D:12     | Reached skill level 14 in Bows
 20322 | D:12     | Received a gift from Okawaru
 20440 | D:12     | Killed a four-headed hydra
 20836 | D:12     | Found a runed door.
 20841 | D:12     | Noticed an orc high priest
 21035 | D:12     | Killed an orc high priest
 21211 | D:12     | Received a gift from Okawaru
 21254 | D:12     | Found a roughly hewn altar of Beogh.
 21375 | D:13     | Noticed Snorg
 21470 | D:13     | Noticed Htamos's ghost (journeyman MiGl)
 21473 | D:13     | Noticed a two-headed ogre
 21482 | D:13     | Noticed a two-headed ogre
 21485 | D:13     | Noticed an ogre mage
 21487 | D:13     | Found a gate to the Vaults.
 21490 | D:13     | Found a labyrinth entrance.
 21495 | Lab      | Entered a labyrinth
 22479 | Lab      | Noticed a minotaur
 22534 | Lab      | Killed a minotaur
 22534 | Lab      | Reached XP level 13. HP: 31/111 MP: 10/17
 22634 | Lab      | Identified the +9 short sword of the Dove {freeze, rC+ rN+ MR+ Int-4} (You found it on level 11 of the Dungeon)
 23041 | D:13     | HP: 3/111 [centaur warrior/arrow (4)]
 23819 | D:13     | Received a gift from Okawaru
 25396 | D:13     | Killed Snorg
 25877 | D:13     | Killed Htamos's ghost
 25877 | D:13     | Reached ****** piety under Okawaru
 25877 | D:13     | Received a gift from Okawaru
 26510 | D:14     | Found Ruuf Hau's Assorted Antiques.
 26515 | D:14     | Received a gift from Okawaru
 26542 | D:14     | Reached skill level 10 in Fighting
 26660 | D:14     | Found a white marble altar of Elyvilon.
 27418 | D:14     | Reached skill level 15 in Bows
 28084 | D:14     | Received a gift from Okawaru
 28492 | D:14     | Received a gift from Okawaru
 28634 | D:15     | Entered Level 15 of the Dungeon
 28671 | D:15     | Reached XP level 14. HP: 38/122 MP: 17/20
 29842 | D:15     | Noticed an acid blob
 29842 | D:15     | Noticed an acid blob
 30151 | D:15     | Found a white marble altar of Elyvilon.
 30703 | D:15     | Noticed an azure jelly
 30703 | D:15     | a dire elephant changed into an azure jelly
 30708 | D:15     | an azure jelly changed into a death yak
 30721 | D:15     | Noticed an entropy weaver
 30721 | D:15     | a death yak changed into an entropy weaver
 30725 | D:15     | an entropy weaver changed into an ettin
 30731 | D:15     | Noticed an entropy weaver
 30731 | D:15     | a tyrant leech changed into an entropy weaver
 30733 | D:15     | an entropy weaver changed into an alligator
 30987 | D:15     | Received a gift from Okawaru
 30994 | D:15     | Got an ancient falchion {god gift}
 30995 | D:15     | Identified the +2 falchion of Frustration {distort, Int+7} (Okawaru gifted it to you on level 15 of the Dungeon)
 31042 | D:15     | Found a staircase to the Depths.
 31202 | Lair:1   | Entered Level 1 of the Lair of Beasts
 31471 | Lair:1   | Got a warped cloak
 31477 | Lair:1   | Identified the +1 cloak "Hero's Friend" {rF+ rC+ rCorr Str+3} (You found it on level 1 of the Lair of Beasts)
 31737 | Lair:1   | Reached skill level 16 in Bows
 32663 | Lair:2   | HP: 5/122 [blink frog (8)]
 32666 | Lair:2   | HP: 2/122 [blink frog (4)]
 32667 | Lair:2   | Mangled by a blink frog

Skill      XL: |  1  2  3  4  5  6  7  8  9 10 11 12 13 14 |
---------------+-------------------------------------------+-----
Bows           | 6 7 8 9 10 11 13 14 15 16 | 16.1
Armour         | 1 2 3 4 5 6 7 8 9 |  9.4
Polearms       | 1 2 3 |  3.4
Fighting       | 3 4 5 7 8 9 10 | 10.9
Long Blades    | 2 5 7 9 10 11 12 | 12.0
Invocations    | 2 3 6 8 |  8.0
Axes           | 1 |  1.0
Maces & Flails | |  0.8
Dodging        | |  1.3
Stealth        | |  0.4

Action                   |  1- 3 |  4- 6 |  7- 9 | 10-12 | 13-15 || total
-------------------------+-------+-------+-------+-------+-------++-------
Melee: Hand axe          |    94 |       |       |       |       ||    94
       Kick              |    17 |    61 |    99 |   177 |   161 ||   515
       Spear             |    76 |   302 |   199 |       |       ||   577
       Great sword       |       |       |   243 |   599 |   429 ||  1271
       War axe           |       |       |       |     9 |       ||     9
       Morningstar       |       |       |       |    30 |       ||    30
       Glaive            |       |       |       |     3 |       ||     3
       Longbow           |       |       |       |     1 |       ||     1
       Battleaxe         |       |       |       |       |     4 ||     4
 Fire: Shortbow          |    11 |    42 |    29 |       |     1 ||    83
       Longbow           |       |       |    26 |   458 |   419 ||   903
Throw: Stone             |     1 |     1 |     5 |    17 |       ||    24
       Tomahawk          |       |       |       |    10 |     4 ||    14
Invok: Heroism           |       |       |       |     4 |     3 ||     7
       Finesse           |       |       |       |     1 |       ||     1
  Use: Scroll            |       |     6 |     4 |     8 |     4 ||    22
       Potion            |       |       |       |     5 |       ||     5
 Stab: Paralysed         |       |     2 |       |       |       ||     2
  Eat: Chunk             |       |     7 |    17 |    32 |    23 ||    79
       Ration            |       |       |       |     2 |     1 ||     3
Armor: Scale mail        |    48 |       |       |       |       ||    48
       Leather armour    |     5 |       |       |       |       ||     5
       Chain mail        |    62 |   170 |   356 |   564 |       ||  1152
       Plate armour      |       |       |       |   249 |   509 ||   758
Dodge: Dodged            |    68 |    64 |   111 |   259 |   128 ||   630
       Rpst.: Great sword |       |       |    20 |    59 |    30 ||   109
